 Dungeon Crawl Stone Soup version 0.31-a0-981-geadf994542 (webtiles) character file.

Game seed: 2139590787547862235

3487 Xavori the Ducker (level 10, -8/72 HPs)
             Began as a Djinni Chaos Knight on Oct 31, 2023.
             Was a Plaything of Xom.
             Mangled by a skeletal warrior
             ... wielding a +0 glaive
              (10 damage)
             ... on level 7 of the Dungeon.
             The game lasted 00:08:25 (10390 turns).

Xavori the Ducker (Djinni Chaos Knight)            Turns: 10390, Time: 00:08:26

Health: -8/72      AC:  5    Str: 14    XL:     10   Next: 27%
Gold:   30         EV: 15    Int: 12    God:    Xom [.....*] SH:  0 Dex: 20

rFire   + + .        i - +1 long sword (vamp)
rCold   x . .        (no shield)
rNeg    . . .        b - +2 leather armour
rPois   ∞            (helmet currently unavailable)
rElec   .            (cloak currently unavailable)
rCorr   +            (gloves currently unavailable)
SInv    .            (boots unavailable)
Will    +....        (no amulet)
Stlth   +            m - ring of resist corrosion
HPRegen 0.32/turn    (no ring)
MPRegen 0.00/turn

%: infuse magic (-9 HP)
@: beast-form, flying
A: beast (slay +3), flying, sickness immunity, fire resistance 2, cold
vulnerability 1, float, innate caster, HP casting, extra vitality 1, agile 1,
passive freeze, strong 1
a: Begin Untransformation, Renounce Religion


You were on level 7 of the Dungeon.
You worshipped Xom.
You were Xom's teddy bear.
You were a hulking beast.
You visited 1 branch of the dungeon, and saw 7 of its levels.

You collected 430 gold pieces.
You spent 400 gold pieces at shops.

Inventory:

Hand Weapons
 i - a +1 vampiric long sword (weapon)
Armour
 b - a +2 leather armour (worn)
 o - a +0 cloak
Jewellery
 m - a ring of resist corrosion (left hand)
Talismans
 d - a beast talisman (active)
Wands
 j - a wand of paralysis (11)
 p - a wand of flame (37)
Scrolls
 c - a scroll of butterflies
 g - 3 scrolls of teleportation
 n - 2 scrolls of fog
 r - 2 scrolls of identify {unknown}
 t - a scroll of noise {unknown}
 u - 2 scrolls of blinking
 v - a scroll of enchant armour {unknown}
Potions
 a - 2 potions of might {unknown}
 e - 5 potions of curing
 f - 2 potions of degeneration
 h - a potion of enlightenment {unknown}
 k - a potion of heal wounds
 q - a potion of cancellation {unknown}
 s - a potion of invisibility {unknown}


   Skills:
 + Level 5.7 Fighting
 + Level 5.2 Long Blades
 + Level 4.9 Armour
 + Level 5.7 Dodging
 * Level 3.7 Spellcasting
 * Level 3.7 Conjurations
 * Level 3.7 Hexes
   Level 0.0 Charms
 * Level 3.7 Summonings
 * Level 3.7 Necromancy
 * Level 3.7 Translocations
 * Level 3.7 Transmutations
 * Level 3.7 Fire Magic
 * Level 3.7 Ice Magic
 * Level 3.7 Air Magic
 * Level 3.7 Earth Magic
 * Level 3.7 Poison Magic
 + Level 4.5 Evocations
 * Level 5.7 Shapeshifting


You knew the following spells:

 Your Spells              Type           Power      Damage    Failure   Level
a - Apportation           Tloc           22%        N/A       6%          1
b - Lesser Beckoning      Tloc           22%        N/A       10%         2
c - Call Imp              Summ           22%        N/A       10%         2
d - Call Canine Familiar  Summ           11%        N/A       19%         3
Your spell library was empty.

Dungeon Overview and Level Annotations

Branches:
Dungeon (7/15)             Temple (0/1) D:6

Altars:
Ashenzari
Gozag
Hepliaklqana
Uskayaw
Wu Jian
Xom

Shops:
D:7 *!?(

Annotations:
D:6 2 transporters, osoart's ghost, novice TrSh


Innate Abilities, Weirdness & Mutations

You are a hulking beast.
Your limbs bulge with bestial killing power. (Slay +3)
You are flying.
You are immune to sickness and miasma.
You are immune to poison.
Your flesh is very heat resistant. (rF++)
You are vulnerable to cold. (rC-)
You float through the air rather than walking.
You learn spells naturally, not from books.
Your magical power is your life essence.
You have superior vitality. (+4 MHP)
You are agile. (Dex +4, Str/Int -1)
A frigid envelope surrounds you and freezes all who hurt you.
Your muscles are strong. (Str +4, Int/Dex -1)


Message History

The sleepcap releases spores at you.
The sleepcap is very cold.
You destroy the sleepcap!
Unknown command.
No target in view!
A skeletal warrior comes into view. It is wielding a +0 glaive.
The skeletal warrior closely misses you.
You see here the +5 scythe "Finisher" {speed, execute}.
A skeletal warrior is nearby!
A skeletal warrior is nearby!
A skeletal warrior is nearby!
You closely miss the skeletal warrior. The skeletal warrior barely misses you.
Aiming: Paralyse
Press: ? - help, Shift-Dir - straight line, f - skeletal warrior
Aim: a skeletal warrior, wielding a +0 glaive (chance to affect: 5%)
Okay, then.
It was a potion of heal wounds.
You feel much better.
Xom thinks this is hilarious!
The skeletal warrior hits you with a +0 glaive!!
The skeletal warrior resists.
The skeletal warrior is very cold.
The skeletal warrior is lightly damaged.
It was a potion of magic.
Magic washes over you without effect.
Xom thinks this is hilarious!
The area is suffused with divine lightning!
The blast of lightning engulfs the skeletal warrior!!!
The skeletal warrior barely misses you.
You hit the skeletal warrior.
The skeletal warrior is severely damaged.
The skeletal warrior hits you with a +0 glaive!!
* * * LOW HITPOINT WARNING * * *
The skeletal warrior resists.
The skeletal warrior is very cold.
The skeletal warrior is severely damaged.
You hit the skeletal warrior.
The skeletal warrior is almost destroyed.
The skeletal warrior hits you with a +0 glaive!!
* * * LOW HITPOINT WARNING * * *
The skeletal warrior completely resists.
You hit the skeletal warrior.
The skeletal warrior is almost destroyed.
The skeletal warrior hits you with a +0 glaive!
You die...

.#...######.......##
.#...# ##.#.#.#..#####
.#...## #.............#
#.#.#.# #.#######.##..#
#.#.#.# #.#..##.##..#.#
#.#.#.####.#.#..#..#.#.#
...#.......##.#####.##.#
. .#####...#..#.#z#..#.#
.. #.#.#.###h#.#.#.# .#
#.#.#..#.#.#.##.#
#.#.##.####..##.#
#.#.#.#..#....#
#.#.#..##.##..# #.#.###
######..# #.. ..# .# ##


You could see a skeletal warrior.

Vanquished Creatures
  3 wraiths (D:7)
  Sigmund (D:4)
  Edmund (D:5)
  A water moccasin (D:6)
  2 ice beasts
  Duvessa (D:5)
  A sky beast (D:6)
  A black bear (D:4)
  3 ogres
  2 centaurs
  3 lemures (D:5)
  Blork the orc (D:4)
  2 bullfrogs (D:6)
  2 scorpions (D:6)
  Dowan (D:5)
  A jelly (D:7)
  3 hounds
  Crazy Yiuf (D:4)
  An orc priest (D:7)
  A gnoll bouda (D:4)
  An iguana (D:5)
  A sleepcap (D:7)
  Natasha (D:4)
  5 orc wizards
  9 gnolls
  13 adders
  2 shadow imps
  A white imp (D:7)
  6 ufetubi
  2 dart slugs
  18 orcs
  10 endoplasms
  7 giant cockroaches
  6 goblins
  3 hobgoblins
  4 quokkas
  8 ball pythons
  4 bats
  2 frilled lizards
  7 kobolds
  3 rats
145 creatures vanquished.

Vanquished Creatures (collateral kills)
  Pikel (D:5)
  A jumping spider (shapeshifter) (D:3)
  An ogre (D:6)
  3 gnolls
  An endoplasm (D:1)
7 creatures vanquished.

Vanquished Creatures (others)
  A bat zombie (D:1)
1 creature vanquished.

Grand Total: 153 creatures vanquished

Notes
Turn   | Place    | Note
-------+----------+-------------------------------------------
     0 | D:1      | Xavori the Djinni Chaos Knight began the quest for the Orb.
     0 | D:1      | Reached XP level 1. HP: 20/20 MP: 0/0
    49 | D:1      | XOM: silly message
   170 | D:1      | Reached XP level 2. HP: 25/25 MP: 0/0
   234 | D:1      | XOM: silly message
   362 | D:1      | XOM: divination: magic mapping
   476 | D:1      | XOM: scenery: summon butterflies
   532 | D:1      | XOM: silly message
   855 | D:1      | XOM: god gift: short sword {god gift}
  1353 | D:1      | XOM: silly message
  1696 | D:1      | XOM is BORED!
  2692 | D:1      | XOM: give mutation
  2692 | D:1      | Gained mutation: Your muscles are strong. (Str +4, Int/Dex
                  | -1) [Xom's grace]
  3629 | D:1      | XOM: divination: detect items
  3663 | D:1      | XOM: god gift: 56 gold pieces
  3836 | D:1      | XOM: god gift: glowing long sword {god gift}
  4090 | D:1      | XOM: silly message
  4239 | D:1      | XOM: summons 2 hostile demons
  4240 | D:1      | Noticed a rust devil
  4240 | D:1      | Noticed an ice devil
  4268 | D:2      | Reached XP level 3. HP: 29/30 MP: 0/0
  4268 | D:2      | Learned a level 1 spell: Apportation
  4280 | D:2      | Reached skill level 1 in Shapeshifting
  4508 | D:1      | XOM: summons 1 hostile demon
  4800 | D:1      | XOM: god gift: 3 datura-tipped darts
  4846 | D:1      | XOM is BORED!
  4846 | D:1      | XOM: summons 2 hostile demons
  4848 | D:2      | XOM: smoke on damage
  5305 | D:1      | XOM: give mutations
  5305 | D:1      | Gained mutation: A frigid envelope surrounds you and
                  | freezes all who hurt you. [Xom's grace]
  5305 | D:1      | Gained mutation: You are agile. (Dex +4, Str/Int -1) [Xom's
                  | grace]
  5501 | D:2      | XOM: 2-stop teleportation journey
  5512 | D:2      | XOM: butterfly on damage
  5551 | D:2      | Reached skill level 1 in Spellcasting
  5551 | D:2      | Reached skill level 1 in Conjurations
  5551 | D:2      | Reached skill level 1 in Hexes
  5551 | D:2      | Reached skill level 1 in Summonings
  5551 | D:2      | Reached skill level 1 in Necromancy
  5551 | D:2      | Reached skill level 1 in Translocations
  5551 | D:2      | Reached skill level 1 in Transmutations
  5551 | D:2      | Reached skill level 1 in Fire Magic
  5551 | D:2      | Reached skill level 1 in Ice Magic
  5551 | D:2      | Reached skill level 1 in Air Magic
  5551 | D:2      | Reached skill level 1 in Earth Magic
  5551 | D:2      | Reached skill level 1 in Poison Magic
  5580 | D:2      | Reached XP level 4. HP: 35/35 MP: 0/0
  5919 | D:3      | XOM: stealth player
  5938 | D:3      | Noticed an ice beast
  5941 | D:3      | XOM: summons friendly ice devil
  5945 | D:3      | Killed an ice beast
  5946 | D:3      | Reached XP level 5. HP: 40/40 MP: 0/0
  5946 | D:3      | Learned a level 2 spell: Lesser Beckoning
  5979 | D:3      | XOM: divination: magic mapping
  6026 | D:3      | Found a hazy altar of Hepliaklqana.
  6053 | D:3      | an orc changed into a shapeshifter
  6053 | D:3      | Noticed a shapeshifter (shapeshifter)
  6053 | D:3      | XOM: polymorph orc -> shapeshifter
  6053 | D:3      | a shapeshifter changed into a jumping spider
  6053 | D:3      | Noticed a jumping spider (shapeshifter)
  6055 | D:3      | Killed a jumping spider
  6056 | D:3      | Reached skill level 1 in Evocations
  6056 | D:3      | Reached XP level 6. HP: 26/46 MP: 0/0
  6222 | D:3      | Found a faded altar of an unknown god.
  6253 | D:3      | Reached XP level 7. HP: 32/51 MP: 0/0
  6253 | D:3      | Learned a level 2 spell: Call Imp
  6361 | D:3      | Found an opulent altar of Gozag.
  6583 | D:4      | XOM: stealth player
  6883 | D:4      | Found a hide-covered altar of Uskayaw.
  6991 | D:4      | Noticed Sigmund
  7007 | D:4      | Killed Sigmund
  7008 | D:4      | Reached XP level 8. HP: 25/58 MP: 0/0
  7027 | D:4      | XOM: divination: magic mapping
  7354 | D:4      | Found a broken altar of Ashenzari.
  7396 | D:4      | Noticed Natasha
  7416 | D:4      | Killed Natasha
  7580 | D:4      | Noticed Blork the orc
  7588 | D:4      | Killed Blork the orc
  7753 | D:4      | Found a runed translucent door.
  7754 | D:4      | Noticed Crazy Yiuf
  7828 | D:4      | Killed Crazy Yiuf
  7884 | D:5      | Entered Level 5 of the Dungeon
  7936 | D:5      | XOM: blink monster(s)
  7973 | D:5      | XOM: silly message
  7977 | D:5      | XOM: summons 2 friendly demons
  8040 | D:5      | Noticed Duvessa
  8043 | D:5      | Noticed Dowan
  8047 | D:5      | Killed Duvessa
  8050 | D:5      | Killed Dowan
  8168 | D:5      | XOM: enchant monster (good)
  8302 | D:5      | Noticed Pikel
  8309 | D:5      | Killed Pikel
  8310 | D:5      | Reached skill level 5 in Fighting
  8310 | D:5      | Reached XP level 9. HP: 59/65 MP: 0/0
  8310 | D:5      | Learned a level 3 spell: Call Canine Familiar
  8405 | D:5      | XOM: summons 4 friendly demons
  8435 | D:5      | XOM: scenery: create altars
  8621 | D:5      | XOM: god gift: 47 gold pieces
  8732 | D:5      | Noticed Edmund
  8733 | D:5      | XOM: divine lightning
  8738 | D:5      | Killed Edmund
  8739 | D:5      | Reached skill level 5 in Dodging
  9042 | D:6      | XOM: summons 3 friendly demons
  9123 | D:6      | Found an ornate altar of the Wu Jian Council.
  9245 | D:6      | Found a staircase to the Ecumenical Temple.
  9264 | D:6      | Reached skill level 5 in Shapeshifting
  9294 | D:6      | Found a transporter.
  9298 | D:6      | Noticed osoart's ghost (novice TrSh)
  9327 | D:6      | Found a transporter.
  9404 | D:6      | Reached XP level 10. HP: 69/70 MP: 0/0
  9413 | D:6      | Reached skill level 5 in Long Blades
  9646 | D:7      | XOM: noise
  9649 | D:7      | XOM: cleaving
  9711 | D:7      | Found Ofiegracauh's Magic Scroll Emporium.
  9714 | D:7      | Bought a scroll of fog for 64 gold pieces
  9714 | D:7      | Bought a scroll of blinking for 120 gold pieces
  9714 | D:7      | Bought a scroll of teleportation for 48 gold pieces
  9714 | D:7      | Bought a scroll of blinking for 120 gold pieces
  9718 | D:7      | Found Neubauth's General Store.
  9726 | D:7      | Found Rythrate's Distillery.
  9735 | D:7      | Bought a potion of degeneration for 12 gold pieces
  9735 | D:7      | Bought a potion of curing for 36 gold pieces
  9914 | D:7      | Found Juppack's Weapon Shop.
 10375 | D:7      | Found the +5 scythe "Finisher" {speed, execute}
 10384 | D:7      | Noticed a skeletal warrior
 10387 | D:7      | XOM: divine lightning
 10389 | D:7      | HP: 2/72 [skeletal warrior/+0 glaive (18)]
 10390 | D:7      | Mangled by a skeletal warrior

Illustrated notes

Levels and vault maps discovered:
D:1:      wheals_arrival_linesprint, layout_rooms
D:2:      layout_rooms
D:3:      layout_rooms, nicolae_hepliaklqana_hippocampus,
          mainiacjoe_overflow_paths, nicolae_ecumenical_snake_handling
D:4:      layout_loops_ring, nicolae_overflow_crystal_walls,
          mainiacjoe_overflow_alcove_1, minmay_vboxes, uniq_blork_the_orc,
          uniq_crazy_yiuf_cottage, uniq_natasha, uniq_sigmund
D:5:      layout_basic, uniq_pikel, uniq_duvessa, uniq_edmund
D:6:      layout_cave_pools, nzn_wu_jian_council_hall,
          minmay_temple_entry_ruins, gammafunk_ghost_stat_death,
          kennysheep_generic_room_16
D:7:      nicolae_BIG_FREAKIN_CUBE, layout_loops_ring,
          ebering_ghost_disaster_area, serial_shops, nicolae_shop_peninsula,
          shop, nicolae_shop_statue_plus, nicolae_shop_tiny_real_fake_doors,
          hangedman_decor_diamond_cutter, minmay_guarded_unrand_finisher

Skill      XL: |  1  2  3  4  5  6  7  8  9 10 |
---------------+-------------------------------+-----
Shapeshifting  | 1 2 3 4 5 |  5.7
Spellcasting   | 1 2 3 |  3.7
Conjurations   | 1 2 3 |  3.7
Hexes          | 1 2 3 |  3.7
Summonings     | 1 2 3 |  3.7
Necromancy     | 1 2 3 |  3.7
Translocations | 1 2 3 |  3.7
Transmutations | 1 2 3 |  3.7
Fire Magic     | 1 2 3 |  3.7
Ice Magic      | 1 2 3 |  3.7
Air Magic      | 1 2 3 |  3.7
Earth Magic    | 1 2 3 |  3.7
Poison Magic   | 1 2 3 |  3.7
Long Blades    | 3 4 5 |  5.2
Armour         | 2 3 4 |  4.9
Dodging        | 3 4 5 |  5.7
Evocations     | 1 2 3 4 |  4.5
Fighting       | 4 5 |  5.7

Action                     |  1- 3 |  4- 6 |  7- 9 | 10-12 || total
---------------------------+-------+-------+-------+-------++-------
  Melee: Falchion          |    42 |       |       |       ||    42
         Long sword        |    29 |    42 |   199 |    53 ||   323
         Punch             |       |     1 |     3 |     1 ||     5
   Cast: Call Imp          |       |       |     4 |       ||     4
  Evoke: Wand              |       |       |     2 |       ||     2
    Use: Potion            |       |       |       |     2 ||     2
   Stab: Sleeping          |     1 |     2 |       |       ||     3
         Petrified         |       |       |     5 |       ||     5
         Petrifying        |       |       |     1 |       ||     1
         Distracted        |       |       |     2 |       ||     2
 Armour: Leather armour    |    63 |    27 |   153 |    45 ||   288
  Dodge: Dodged            |    57 |    30 |   192 |    39 ||   318
   Form: Beast             |     1 |       |       |       ||     1

Table legend: (Time is in decaauts)
 A = Elapsed time spent in this place.
 B = Non-inter-level travel time spent in this place.
 C = Inter-level travel time spent in this place.
 D = Time resting spent in this place.
 E = Time spent auto-exploring this place.
 F = Levels seen in this place.
 G = Mean time per level.
                   A        B        C        D        E       F      G
               +--------+--------+--------+--------+--------+-----+--------+
         Total |  10478 |  10315 |    163 |   5139 |   4140 |   7 | 1496.9 |
       Dungeon |  10478 |  10315 |    163 |   5139 |   4140 |   7 | 1496.9 |
               +--------+--------+--------+--------+--------+-----+--------+

Top non-repeatable levels by time:
     D:1: 4651 daAuts
     D:4: 1317 daAuts
     D:2: 1286 daAuts
     D:5: 1166 daAuts
     D:7: 765 daAuts
     D:3: 673 daAuts
     D:6: 618 daAuts
